 Dungeon Crawl Stone Soup version 0.29-a0-266-gf56f883ddd (webtiles) character file.

Game seed: 8695260053784720595

77 avis the Skirmisher (level 4, -1/42 HPs)
             Began as a Hill Orc Monk on Mar 7, 2022.
             Killed by nerve-wracking pain
             ... invoked by a shadow imp
             ... summoned by Natasha
              (12 damage)
             ... on level 2 of the Dungeon.
             The game lasted 00:08:33 (1693 turns).

avis the Skirmisher (Hill Orc Monk)                 Turns: 1693, Time: 00:08:35

Health: -1/42      AC:  2    Str: 13    XL:     4   Next: 33%
Magic:  4/4        EV: 12    Int: 12    God:
Gold:   67         SH:  0    Dex: 13    Spells: 3/3 levels left

rFire   . . .      SeeInvis .     - Unarmed
rCold   . . .      Faith    .   (no shield)
rNeg    . . .      Spirit   .   a - +0 robe
rPois   .          Reflect  .   (no helmet)
rElec   .          Harm     .   (no cloak)
rCorr   .          Rampage  .   (no gloves)
Will    .....                   (no boots)
Stlth   ++........              (no amulet)
HPRegen 0.14/turn               (no ring)
MPRegen 0.09/turn               (no ring)

@: slowed, very slow
A: no striking features
a: no special abilities


You were on level 2 of the Dungeon.
You visited 1 branch of the dungeon, and saw 2 of its levels.

You collected 67 gold pieces.

Inventory:

Hand Weapons
 h - a +0 spear
Missiles
 c - 99 stones (quivered)
Armour
 a - a +0 robe (worn)
 i - a +0 leather armour
Potions
 b - a potion of ambrosia
 d - a potion of mutation
 e - a potion of brilliance


   Skills:
 * Level 5.5 Fighting
 - Level 2.4 Dodging
 - Level 1.5 Stealth
 - Level 4.0 Unarmed Combat


You had 3 spell levels left.
You didn't know any spells.
Your spell library contained the following spells:

 Spells                   Type           Power      Damage    Failure   Level
 Ignite Poison            Fire/Tmut/Pois 0%         N/A       69%         3
 Mephitic Cloud           Conj/Pois/Air  0%         N/A       69%         3
 Freezing Cloud           Conj/Ice/Air   0%         6-21      100%        5


Dungeon Overview and Level Annotations

Branches:
Dungeon (2/15)

Altars:

Annotations:
D:2 Natasha


Message History

Natasha is lightly wounded.
Natasha claws you.
You miss Natasha.
Natasha is lightly wounded.
Natasha barely misses you.
You hit Natasha.
Natasha is moderately wounded.
Natasha claws you but does no damage.
You punch Natasha!
Natasha is almost dead.
Natasha claws you!
You hit Natasha but do no damage.
Natasha is almost dead.
Natasha stares at you and mumbles some strange words.
You feel yourself slow down.
You barely miss Natasha.
Natasha is almost dead.
Natasha claws you.
You hit Natasha but do no damage.
Natasha is almost dead.
Natasha casts a spell.
Natasha claws you.
You closely miss Natasha.
Natasha is almost dead.
Natasha misses you. The shadow imp barely misses you.
You hit Natasha but do no damage.
Natasha is almost dead.
Natasha casts a spell at you. The magic dart hits you.
The shadow imp barely misses you.
You closely miss Natasha.
Natasha is almost dead.
Natasha claws you. The shadow imp closely misses you.
Natasha closely misses you.
You closely miss Natasha.
Natasha is almost dead.
The shadow imp hits you. Natasha claws you.
* * * LOW HITPOINT WARNING * * *
The shadow imp gestures at you. Pain shoots through your body!
You die...

###...##<.##......#
#.........###
.......##.##......# #.........#
######..#.##......###.........#
..............................#
# ####....##......######.######
#.............# #.#
..........#..#.## ##.#
...............# #..#
.............h@######.##
.............5.)...#...#
..#..............#รท###.#
..........#.#...#
........#.#.#.###
..........#.#.# ..(.......#...#
..........##### .......#......#


You could see Natasha (resistant) and a shadow imp (summoned).

Vanquished Creatures
  Natasha (twice) (D:2)
  A dart slug (D:1)
  2 ball pythons
  7 bats
  3 endoplasms
  A giant cockroach (D:2)
  A hobgoblin (D:1)
  2 frilled lizards
  3 goblins (D:1)
  4 kobolds
26 creatures vanquished.

Notes
Turn   | Place    | Note
-------+----------+-------------------------------------------
     0 | D:1      | avis the Hill Orc Monk began the quest for the Orb.
     0 | D:1      | Reached XP level 1. HP: 19/19 MP: 1/1
    59 | D:1      | Reached skill level 4 in Fighting
   105 | D:1      | Reached XP level 2. HP: 25/27 MP: 2/2
  1224 | D:2      | Found a faded altar of an unknown god.
  1280 | D:2      | Reached skill level 5 in Fighting
  1280 | D:2      | Reached XP level 3. HP: 23/36 MP: 3/3
  1436 | D:2      | Noticed Natasha
  1446 | D:2      | Killed Natasha
  1613 | D:2      | Noticed Natasha
  1627 | D:2      | Killed Natasha
  1628 | D:2      | Reached XP level 4. HP: 42/42 MP: 4/4
  1671 | D:2      | Noticed Natasha
  1693 | D:2      | Killed from afar by a shadow imp

Illustrated notes

Levels and vault maps discovered:
D:1:      dpeg_arrival_houses_and_road, layout_basic
D:2:      layout_rooms, basic_ecumenical_altar, serial_co_window_serial,
          co_window_corner_a, co_window_paths_a, co_window_paths_b,
          co_window_corner_a, co_window_paths_b, co_window_of_opportunity_a,
          co_window_paths_a, co_window_paths_b, co_window_corner_a,
          co_window_corner_b, co_window_unsneaky_path_c, co_window_corner_b,
          co_window_4corner_b, glass_columns_a, glass_columns_c,
          minmay_fractal_squares_gapless_5, uniq_natasha

Skill      XL: |  1  2  3 |
---------------+----------+-----
Fighting       | 4 5 |  5.5
Unarmed Combat | 4 |  4.0
Dodging        | |  2.4
Stealth        | |  1.5

Action                   |  1- 3 |  4- 6 || total
-------------------------+-------+-------++-------
Melee: Unarmed           |    98 |    15 ||   113
  Use: Scroll            |     3 |       ||     3
       Potion            |     2 |       ||     2
 Stab: Sleeping          |     2 |       ||     2
Armor: Robe              |    25 |     1 ||    26
Dodge: Dodged            |    62 |     9 ||    71

Table legend: (Time is in decaauts)
 A = Elapsed time spent in this place.
 B = Non-inter-level travel time spent in this place.
 C = Inter-level travel time spent in this place.
 D = Time resting spent in this place.
 E = Time spent auto-exploring this place.
 F = Levels seen in this place.
 G = Mean time per level.
                   A        B        C        D        E       F      G
               +--------+--------+--------+--------+--------+-----+--------+
         Total |   1711 |   1566 |    145 |    504 |    656 |   2 |  855.5 |
       Dungeon |   1711 |   1566 |    145 |    504 |    656 |   2 |  855.5 |
               +--------+--------+--------+--------+--------+-----+--------+

Top non-repeatable levels by time:
     D:1: 958 daAuts
     D:2: 753 daAuts
